 Dungeon Crawl Stone Soup version 0.28.0-53-g5a82cb258f (webtiles) character file.

Game seed: 8108604920374604654

233 bnorton916 the Magician (level 5, -1/28 HPs)
             Began as a Deep Elf Fire Elementalist on June 10, 2022.
             Slain by Edmund
             ... wielding a +0 vorpal flail
              (6 damage)
             ... on level 5 of the Dungeon.
             The game lasted 00:02:43 (3772 turns).

bnorton916 the Magician (DEFE)                      Turns: 3772, Time: 00:02:43

Health: -1/28      AC:  3    Str:  5    XL:     5   Next: 75%
Magic:  12/14      EV: 13    Int: 22    God:
Gold:   161        SH:  0    Dex: 17    Spells: 8/14 levels left

rFire   + . .      SeeInvis .   (no weapon)
rCold   x . .      Faith    .   (no shield)
rNeg    . . .      Spirit   .   o - +1 robe of the Pink Corner {rElec Dex+2 Stlth+}
rPois   .          Reflect  .   (no helmet)
rElec   +          Harm     .   (no cloak)
rCorr   .          Rampage  .   (no gloves)
Will    .....                   (no boots)
Stlth   +++.......              (no amulet)
HPRegen 0.09/turn               b - ring of fire
MPRegen 0.14/turn               (no ring)

@: no status effects
A: no striking features
a: no special abilities


You were on level 5 of the Dungeon.
You visited 1 branch of the dungeon, and saw 5 of its levels.

You collected 161 gold pieces.

Inventory:

Hand Weapons
 h - a +0 vorpal short sword
Missiles
 e - a throwing net
 f - 6 poisoned darts
 g - 106 stones
Armour
 o - the +1 robe of the Pink Corner (worn) {rElec Dex+2 Stlth+}
   (You found it on level 4 of the Dungeon)

   Dex:       It affects your dexterity (+2).
   rElec:     It insulates you from electricity.
   Stlth:     It makes you more stealthy.
Jewellery
 b - a ring of fire (left hand)
Wands
 a - a wand of acid (14)
Potions
 c - 2 potions of curing
 d - a potion of haste {unknown}
 j - 2 potions of heal wounds
 k - 2 potions of mutation
 l - a potion of flight {unknown}


   Skills:
 - Level 2.4 Dodging
 - Level 2.4 Stealth
 + Level 5.2 Spellcasting
 + Level 3.7 Conjurations
 + Level 4.9 Fire Magic


You had 8 spell levels left.
You knew the following spells:

 Your Spells              Type           Power      Damage    Failure   Level
a - Foxfire               Conj/Fire      100%       2x1d9     1%          1
b - Scorch                Fire           82%        2d9       1%          2
c - Conjure Flame         Conj/Fire      37%        6-21      4%          3

Your spell library contained the following spells:

 Spells                   Type           Power      Damage    Failure   Level
 Shock                    Conj/Air       52%        1d6       4%          1
 Inner Flame              Hex/Fire       25%        N/A       11%         3
 Flame Wave               Conj/Fire      37%        2d9       17%         4
 Swiftness                Air            5%         N/A       30%         3
 Airstrike                Air            2%         N/A       69%         4


Dungeon Overview and Level Annotations

Branches:
Dungeon (5/15)
 Temple: D:4-7

Altars:
Fedhas

Annotations:
D:5 Edmund


Message History

Confirm with . or Enter, or press ? or * to list all spells.
You feel a surge of power!
You conjure some foxfire!
The foxfire hits Edmund but does no damage.
Edmund is lightly wounded.
The foxfire hits Edmund but does no damage.
Edmund is lightly wounded.
Casting: Foxfire (safe; 1% risk of failure)
Confirm with . or Enter, or press ? or * to list all spells.
You feel a surge of power!
You conjure some foxfire!
The foxfire hits Edmund but does no damage.
Edmund is lightly wounded.
The foxfire hits Edmund but does no damage.
Edmund is lightly wounded.
Casting: Foxfire (safe; 1% risk of failure)
Confirm with . or Enter, or press ? or * to list all spells.
You feel a surge of power!
You conjure some foxfire!
Edmund hits you with a +0 vorpal flail.
The foxfire hits Edmund but does no damage.
Edmund is lightly wounded.
The foxfire hits Edmund.
Edmund is lightly wounded.
Edmund hits you with a +0 vorpal flail.
Casting: Foxfire (safe; 1% risk of failure)
Confirm with . or Enter, or press ? or * to list all spells.
You feel a surge of power!
Flames lash Edmund but do no damage.
Edmund completely misses you. Edmund hits you with a +0 vorpal flail!
Unknown command.
Edmund hits you with a +0 vorpal flail!
* * * LOW HITPOINT WARNING * * *
x2 Edmund barely misses you.
There is a shaft here.
As you read the scroll labelled BUTITOTZAGO, it crumbles to dust.
It is a scroll of brand weapon.
Your +0 short sword of draining emits a brilliant flash of light!
h - a +0 vorpal short sword
As you read the scroll labelled ZEDYCICURI, it crumbles to dust.
The scroll dissolves into smoke.
It was a scroll of fog.
Edmund hits you with a +0 vorpal flail.
You die...

#..............##..##....#
#............#....###.##.#
#..............##.###.##.#
#...........##...........#
#........>................
#...........###.#.#.#.....
#........)..# #.#...#.....
############# #.#....(....
#.....§§@§####.#........
#.....§§@§§.............
#.....§§§§######........
#.............##........
#######.......######....
#.......# .### #.......###
# #.........# #.#. .
#.........# #... ..


You could see Edmund.

Vanquished Creatures
  A scorpion (D:4)
  A hound (D:4)
  A hound zombie (D:5)
  A hound skeleton (D:4)
  4 gnolls (D:3)
  3 adder skeletons
  3 worms
  2 dart slugs
  An orc (D:4)
  3 ball pythons
  2 bats
  2 endoplasms
  2 giant cockroaches
  6 goblins
  9 hobgoblins
  A jackal (D:2)
  A quokka (D:1)
  3 frilled lizards
  6 kobolds
  3 rats
55 creatures vanquished.

Vanquished Creatures (others)
  315 foxfires
315 creatures vanquished.

Grand Total: 370 creatures vanquished

Notes
Turn   | Place    | Note
-------+----------+-------------------------------------------
     0 | D:1      | bnorton916 the Deep Elf Fire Elementalist began the quest
                  | for the Orb.
     0 | D:1      | Reached XP level 1. HP: 10/10 MP: 6/6
   441 | D:1      | Reached XP level 2. HP: 15/15 MP: 6/8
  1027 | D:1      | You fall into a shaft and drop 1 floor!
  1918 | D:3      | Reached XP level 3. HP: 19/19 MP: 7/10
  2034 | D:3      | Reached skill level 4 in Spellcasting
  2057 | D:3      | Reached XP level 4. HP: 17/24 MP: 3/12
  2288 | D:3      | Found a blossoming altar of Fedhas.
  2977 | D:4      | Reached XP level 5. HP: 28/28 MP: 8/14
  2995 | D:4      | Identified the +1 robe of the Pink Corner {rElec Dex+2
                  | Stlth+}
  3210 | D:4      | Reached skill level 5 in Spellcasting
  3425 | D:4      | Learned a level 2 spell: Scorch
  3429 | D:4      | Learned a level 3 spell: Conjure Flame
  3502 | D:5      | Entered Level 5 of the Dungeon
  3723 | D:5      | Noticed Edmund
  3772 | D:5      | Slain by Edmund

Illustrated notes

Levels and vault maps discovered:
D:1:      lightli_arrival_boilingwater, layout_loops_ring, chequers_arboretum,
          minmay_small_reverse_x
D:2:      layout_rooms, minmay_tetromino_s2
D:3:      layout_loops_corners, mainiacjoe_overflow_brackets, slow_altar_2,
          minmay_misc_feat_pillars
D:4:      layout_cave_pools
D:5:      layout_basic, mainiacjoe_overflow_divided_tiny,
          minmay_temple_entry_arrows, uniq_edmund

Skill      XL: |  1  2  3  4  5 |
---------------+----------------+-----
Conjurations   | 2 3 |  3.7
Spellcasting   | 4 5 |  5.2
Fire Magic     | 4 |  4.9
Dodging        | |  2.4
Stealth        | |  2.4

Action                   |  1- 3 |  4- 6 || total
-------------------------+-------+-------++-------
 Cast: Foxfire           |    99 |    84 ||   183
       Scorch            |       |     1 ||     1
  Use: Scroll            |       |     5 ||     5
Dodge: Dodged            |     3 |     4 ||     7
